Map: Catalyst LE

Players

Ziggy

  • Race: Terran Terran
  • Spawn Location: 5:00

Snute - Winner!

  • Race: Zerg Zerg
  • Spawn Location: 11:00

Event: IEM Season 12 - Katowice

VOD

Have the link to the VOD?

Description

Time

  • Played on: Feb. 27, 2018, 4:27 a.m.
  • Length: 7:32

All games in this series

Show
View Real Time Build Order
Export as new Build Order

Ziggy Terran 

Build Orders:  

Get SALT Encoding   

  12  0:00  SCV  
  13  0:12  SCV  
  14  0:17  Supply Depot  
  14  0:24  SCV  
  15  0:39  SCV  
  15  0:41  Barracks  
  16  0:45  Refinery  
  16  0:51  SCV  
  17  1:00  Barracks  
  17  1:04  SCV  
  18  1:16  SCV  
  19  1:28  Reaper  
  19  1:29  Orbital Command  
  20  1:37  Barracks  
  20  1:44  Refinery  
  20  1:47  Reaper  
  21  1:54  Supply Depot  
  21  1:58  SCV  
  22  2:05  Reaper  
  23  2:15  SCV  
  23  2:19  Reaper  
  25  2:25  Reaper  
  26  2:32  SCV  
  27  2:37  Reaper  
  28  2:44  Command Center  
  28  2:50  Supply Depot  
  28  2:52  Reaper  
  29  3:05  Reaper  
  29  3:06  SCV  
  29  3:12  Reaper  
  32  3:25  Reaper  
  32  3:26  SCV  
  34  3:38  Reaper  
  34  3:40  Barracks  
  35  3:41  Barracks  
  35  3:44  Reaper  
  36  3:57  Reaper  
  37  4:09  Orbital Command  
  34  4:10  Reaper  
  34  4:11  SCV  
  34  4:16  Reaper  
  37  4:23  SCV  
  38  4:29  Reaper  
  39  4:35  SCV  
  40  4:42  Reaper  
  40  4:46  SCV  
  40  4:48  Reaper  
  40  4:50  Reaper  
  40  4:51  Refinery  
  43  4:52  Refinery  
  43  4:53  Reaper  
  43  4:54  SCV  
  43  4:58  Barracks  
  45  5:01  Reaper  
  45  5:03  SCV  
  45  5:04  Supply Depot  
  48  5:14  Reaper  
  48  5:19  SCV  
  48  5:20  Reaper  
  47  5:31  Reaper  
  41  5:35  Reaper  
  41  5:39  SCV  
  41  5:41  Reaper  
  41  5:42  Barracks x2  
  42  5:44  Barracks  
  42  5:46  Reaper  
  42  5:48  SCV  
  43  5:51  SCV  
  43  5:52  Reaper  
  43  5:54  Reaper  
  46  6:00  SCV  
  46  6:03  SCV, Reaper  
  49  6:06  Supply Depot  
  49  6:07  Reaper  
  50  6:12  SCV  
  50  6:13  Reaper  
  50  6:15  SCV  
  50  6:18  Reaper  
  54  6:24  Reaper  
  54  6:25  SCV  
  56  6:28  Reaper x2  
  56  6:31  Reaper x2  
  56  6:32  SCV  
  61  6:37  SCV  
  62  6:40  Reaper  
  62  6:41  Command Center  
  62  6:44  SCV  
  64  6:48  Supply Depot, Reaper x2  
  64  6:49  Supply Depot  
  64  6:50  SCV  
  67  6:56  SCV  
  67  6:59  Reaper  
  70  7:09  Supply Depot, SCV  
  70  7:10  Engineering Bay  
Show
View Real Time Build Order
Export as new Build Order

Snute Zerg - Winner!

Build Orders: Pool First 

Get SALT Encoding   

  12  0:00  Drone  
  13  0:12  Overlord  
  13  0:17  Drone  
  14  0:30  Drone x2  
  14  0:34  Drone  
  17  0:43  Spawning Pool  
  17  0:49  Drone  
  17  1:09  Hatchery  
  17  1:11  Drone  
  17  1:14  Drone  
  17  1:17  Extractor  
  17  1:19  Drone  
  18  1:30  Queen  
  18  1:32  Zergling x2  
  21  1:38  Overlord  
  21  1:49  Drone  
  22  2:00  Drone  
  23  2:06  Queen  
  25  2:12  Drone  
  26  2:16  Metabolic Boost  
  26  2:20  Queen  
  26  2:21  Drone  
  29  2:27  Zergling x2  
  30  2:31  Zergling x2  
  30  2:34  Overlord  
  31  2:39  Zergling x2  
  31  2:40  Zergling x4  
  34  2:47  Overlord  
  34  2:48  Zergling x2  
  35  2:55  Zergling x2  
  35  3:05  Zergling x4  
  37  3:09  Zergling x2  
  37  3:10  Zergling x6  
  41  3:14  Zergling x6  
  44  3:26  Zergling x4  
  46  3:31  Overlord  
  46  3:32  Queen  
  48  3:36  Zergling x2  
  49  3:48  Drone x3  
  51  4:00  Drone  
  51  4:01  Drone x4  
  56  4:08  Drone, Queen  
  55  4:16  Drone  
  55  4:17  Drone x2  
  58  4:21  Hatchery  
  58  4:22  Overlord  
  57  4:30  Zergling x4  
  58  4:41  Drone x3  
  59  4:49  Zergling x6  
  59  4:51  Zergling x2  
  63  4:54  Hatchery  
  63  4:57  Zergling x2  
  63  4:59  Evolution Chamber  
  62  5:00  Queen  
  62  5:05  Roach Warren, Extractor  
  62  5:09  Zergling x4  
  64  5:17  Overlord  
  64  5:20  Overlord  
  58  5:32  Drone  
  58  5:33  Drone x6  
  56  5:45  Drone x2  
  56  5:46  Drone x2  
  56  5:47  Drone x2  
  62  5:53  Drone x2  
  62  5:54  Drone  
  62  5:55  Drone x3  
  62  5:56  Drone  
  69  6:06  Drone x3  
  69  6:07  Drone x3  
  75  6:11  Overlord  
  75  6:16  Roach x3  
  81  6:22  Roach x2  
  81  6:23  Roach  
  87  6:27  Overlord  
  87  6:29  Roach x2  
  90  6:38  Roach x3  
  90  6:39  Overlord  
  96  6:41  Zergling x12  
  96  6:47  Zergling x12  
  103  6:49  Ravager  
  103  6:50  Overlord  
  103  6:52  Overlord  
  109  6:55  Extractor  
  108  7:08  Ravager, Overlord  
  109  7:09  Zergling x24  
  121  7:19  Ravager  
  120  7:23  Ravager  

Tags
 
Add a new tag
Caveats
  • Supply blocks, unpowered buildings, or Contaminate may cause inaccurate times.
  • Supply counts are checked every 10 seconds.